 Dungeon Crawl Stone Soup version 0.31-a0-455-g1a7b003ef0 (webtiles) character file.

Game seed: 1870106473713828773

230 pokeman the Magician (level 5, -6/29 HPs)
             Began as a Deep Elf Hedge Wizard on Aug 3, 2023.
             Was an Initiate of Vehumet.
             Killed by nerve-wracking pain
             ... invoked by Grinder
              (14 damage)
             ... on level 4 of the Dungeon.
             The game lasted 00:08:27 (3501 turns).

pokeman the Magician (Deep Elf Hedge Wizard)        Turns: 3501, Time: 00:08:27

Health: -6/29      AC:  6    Str:  7    XL:     5   Next: 72%
Magic:  13/16      EV: 12    Int: 21    God:    Vehumet [......]
Gold:   147        SH:  0    Dex: 14    Spells: 6/17 levels left

rFire   . . .        s - +0 arbalest
rCold   . . .        (shield currently unavailable)
rNeg    . . .        f - +1 leather armour {rPois}
rPois   +            c - +0 hat
rElec   .            (no cloak)
rCorr   .            t - +1 pair of gloves
SInv    .            (no boots)
Will    .....        (no amulet)
Stlth   ++           (no ring)
HPRegen 0.24/turn    (no ring)
MPRegen 0.15/turn

%: no passive effects
@: no status effects
A: no striking features
a: Renounce Religion


You were on level 4 of the Dungeon.
You worshipped Vehumet.
Vehumet was noncommittal.
You visited 1 branch of the dungeon, and saw 4 of its levels.

You collected 147 gold pieces.

Inventory:

Hand Weapons
 s - a +0 arbalest (weapon)
Missiles
 o - a curare-tipped dart
Armour
 c - a +0 hat (worn)
 f - a +1 leather armour of poison resistance (worn)
 i - a +2 ring mail of fire resistance
 t - a +1 pair of gloves (worn)
Jewellery
 h - a ring of resist corrosion
Scrolls
 a - a scroll of teleportation {unknown}
 g - a scroll of blinking {unknown}
 k - 2 scrolls of identify {unknown}
 m - a scroll of torment {unknown}
 n - 2 scrolls of revelation {unknown}
 p - 2 scrolls of fog {unknown}
Potions
 d - a potion of magic
 e - 2 potions of curing {unknown}
 j - 2 potions of might {unknown}
 l - 2 potions of degeneration {unknown}
 q - a potion of cancellation {unknown}
 r - a potion of heal wounds {unknown}


   Skills:
 - Level 1.0 Fighting
 - Level 1.0 Armour
 + Level 3.3 Dodging
 + Level 3.5 Stealth
 * Level 6.5 Spellcasting
 + Level 2.9 Conjurations
 - Level 1.1 Summonings
 - Level 1.1 Translocations


You had 6 spell levels left.
You knew the following spells:

 Your Spells              Type           Power      Damage    Failure   Level
a - Magic Dart            Conj           76%        1d6       4%          1
b - Mephitic Cloud        Conj/Pois/Air  10%        N/A       26%         3
c - Call Imp              Summ           22%        N/A       13%         2
d - Blink                 Tloc           22%        N/A       13%         2
e - Stone Arrow           Conj/Erth      24%        3d8       22%         3

Your spell library contained the following spells:

 Spells                   Type           Power      Damage    Failure   Level
 Necrotise                Necr           24%        1d5       14%         1
 Slow                     Hex            24%        N/A       14%         1
 Cigotuvi's Dreadful Rot  Necr/Pois/Air  12%        N/A       21%         2
 Ensorcelled Hibernation  Hex/Ice        12%        N/A       21%         2
 Passwall                 Tmut/Erth      5%         N/A       21%         2
 Swiftness                Air            6%         N/A       38%         3
 Vampiric Draining        Necr           6%         2d6       38%         3
 Animate Armour           Summ/Erth      18%        N/A       71%         4
 Agony                    Necr           6%         N/A       98%         5
 Lehudib's Crystal Spear  Conj/Erth      6%         10d3      100%        8


Dungeon Overview and Level Annotations

Branches:
Dungeon (4/15)
 Temple: D:4-7

Altars:
Vehumet

Annotations:
D:4 Grinder


Message History

Casting: Blink (safe; 13% risk of failure)
Confirm with . or Enter, or press ? or * to list all spells.
You blink.
Unknown command.
Grinder attacks as you move away! Grinder barely misses you.
You feel stable enough to blink again.
Casting: Blink (safe; 13% risk of failure)
Confirm with . or Enter, or press ? or * to list all spells.
You blink.
Grinder blinks!
Your magical contamination has completely faded away.
Grinder says, "Wait up."
You see here a throwing net.
b - a throwing net You feel stable enough to blink again.
Grinder hits you. Grinder attacks as you move away! Grinder barely misses you.
Casting: Blink (safe; 13% risk of failure)
Confirm with . or Enter, or press ? or * to list all spells.
You blink.
You open the door. Grinder gestures at you. Pain shoots through your body!
* * * LOW HITPOINT WARNING * * *
There is an open door here.
Unknown command.
You feel stable enough to blink again.
Throw: throwing net
Press: ? - help, Shift-Dir - straight line, f/p - Grinder
Aim: Grinder (moderately wounded, 50% to hit)
You throw a throwing net. The throwing net barely misses Grinder.
Grinder gestures at you. You resist with significant effort.
Grinder blinks!
Grinder gestures at you.
You suddenly lose the ability to move!
You can move again.
Grinder gestures at you. Pain shoots through your body!
You die...

.##...ยง.........#
.#######........# ##
#........#
########........########
5..............5.......+
########...##.....#####
#...##.....##
#...###.....#### #...#
#..@<....# #####
#######....###...#
....##### #...#.# #..#
....#...#####...#.# +#
..<[........'...#.#
#####...#####...#.#
#...# #...#.# #...#
#.###.# #...# #.# #.#


You could see Grinder.

Vanquished Creatures
  A hound (D:4)
  2 adders
  A worm (D:3)
  A dart slug (D:1)
  An orc (D:3)
  6 ball pythons
  2 bats
  3 endoplasms
  3 giant cockroaches
  4 hobgoblins
  3 jackals (D:2)
  4 kobolds
  3 frilled lizards
  A goblin (D:1)
  3 rats
38 creatures vanquished.

Vanquished Creatures (collateral kills)
  Eustachio (D:4)
1 creature vanquished.

Grand Total: 39 creatures vanquished

Notes
Turn   | Place    | Note
-------+----------+-------------------------------------------
     0 | D:1      | pokeman the Deep Elf Hedge Wizard began the quest for the
                  | Orb.
     0 | D:1      | Reached XP level 1. HP: 10/10 MP: 7/7
   468 | D:1      | Reached XP level 2. HP: 16/16 MP: 6/9
  1151 | D:2      | Found a faded altar of an unknown god.
  1286 | D:2      | Reached skill level 5 in Spellcasting
  1286 | D:2      | Reached XP level 3. HP: 20/20 MP: 6/11
  1290 | D:2      | Learned a level 3 spell: Mephitic Cloud
  1293 | D:2      | Learned a level 2 spell: Call Imp
  1296 | D:2      | Learned a level 2 spell: Blink
  1386 | D:2      | Found a radiant altar of Vehumet.
  1394 | D:2      | Became a worshipper of Vehumet
  1570 | D:3      | Learned a level 3 spell: Stone Arrow
  1838 | D:3      | Reached skill level 1 in Fighting
  1838 | D:3      | Reached skill level 1 in Armour
  2510 | D:4      | Noticed Eustachio
  3077 | D:4      | Reached XP level 4. HP: 12/25 MP: 1/13
  3272 | D:4      | Killed Eustachio
  3273 | D:4      | Reached skill level 6 in Spellcasting
  3273 | D:4      | Reached XP level 5. HP: 29/29 MP: 6/16
  3388 | D:4      | Noticed Grinder
  3398 | D:4      | Paralysed by Grinder for 4 turns
  3406 | D:4      | Paralysed by Grinder for 2 turns
  3435 | D:4      | Paralysed by Grinder for 2 turns
  3452 | D:4      | Paralysed by Grinder for 5 turns
  3463 | D:4      | Noticed a phantom
  3496 | D:4      | Paralysed by Grinder for 5 turns
  3501 | D:4      | Killed from afar by Grinder

Illustrated notes

Levels and vault maps discovered:
D:1:      elethiomel_arrival_maze, layout_loops_ring
D:2:      layout_basic, hellmonk_ecumenical_altar_zigzags, basic_altar,
          minmay_tetromino_i2
D:3:      layout_basic, minmay_fractal_squares_diagonal_5
D:4:      layout_basic, minmay_goblin_outpost, uniq_grinder, uniq_eustachio,
          uniq_ijyb

Skill      XL: |  1  2  3  4 |
---------------+-------------+-----
Spellcasting   | 5 6 |  6.5
Fighting       | 1 |  1.0
Armour         | 1 |  1.0
Conjurations   | 2 |  2.9
Dodging        | 3 |  3.3
Stealth        | 3 |  3.5
Summonings     | |  1.1
Translocations | |  1.1

Action                     |  1- 3 |  4- 6 || total
---------------------------+-------+-------++-------
   Fire: Arbalest          |    34 |    16 ||    50
  Throw: Dart              |     8 |     1 ||     9
         Throwing net      |       |     1 ||     1
   Cast: Magic Dart        |    84 |    11 ||    95
         Call Imp          |     3 |     5 ||     8
         Mephitic Cloud    |     2 |     1 ||     3
         Blink             |     1 |     6 ||     7
 Armour: Robe              |    11 |     8 ||    19
         Leather armour    |       |     2 ||     2
  Dodge: Dodged            |    32 |    12 ||    44

Table legend: (Time is in decaauts)
 A = Elapsed time spent in this place.
 B = Non-inter-level travel time spent in this place.
 C = Inter-level travel time spent in this place.
 D = Time resting spent in this place.
 E = Time spent auto-exploring this place.
 F = Levels seen in this place.
 G = Mean time per level.
                   A        B        C        D        E       F      G
               +--------+--------+--------+--------+--------+-----+--------+
         Total |   3555 |   3183 |    372 |    168 |   2310 |   4 |  888.8 |
       Dungeon |   3555 |   3183 |    372 |    168 |   2310 |   4 |  888.8 |
               +--------+--------+--------+--------+--------+-----+--------+

Top non-repeatable levels by time:
     D:3: 1420 daAuts
     D:1: 954 daAuts
     D:4: 617 daAuts
     D:2: 563 daAuts
